 Dungeon Crawl Stone Soup version 0.18-a0-1677-g2bdad6c (webtiles) character file.

9954 Misfortune the Cleaver (level 11, 0/90 HPs)
             Began as a Demonspawn Wanderer on Apr 2, 2016.
             Was a High Priest of Okawaru.
             Slain by Urug
             ... wielding a +2 great sword of slicing
              (5 damage)
             ... on level 1 of the Lair of Beasts.
             The game lasted 00:23:06 (11337 turns).

Misfortune the Cleaver (Demonspawn Wanderer)       Turns: 11337, Time: 00:23:06

Health: 0/90       AC: 17    Str: 11 (14) XL:     11   Next: 29%
Magic:  11/11      EV:  3    Int: 10 (13) God:    Okawaru [*****.]
Gold:   644        SH:  0    Dex: 11 (14) Spells: 0 memorised, 10 levels left

rFire  . . .     SeeInvis .     s - +1 war axe (pain)
rCold  . . .     Gourm    .     D - +0 plate armour
rNeg   . . .     Faith    .     (no shield)
rPois  +         Spirit   .     (no helmet)
rElec  .         Dismiss  .     (no cloak)
rCorr  .         Reflect  .     (no gloves)
SustAt .         Harm     .     (no boots)
MR     .....                    (no amulet)
Stlth  ..........               I - ring of poison resistance
                                p - +2 ring of slaying

@: not resistant to hostile enchantments, extremely unstealthy
A: hooves 1, rough black scales 1, spiny 2, rot immunity
a: Heroism, Finesse, Renounce Religion


You were on level 1 of the Lair of Beasts.
You worshipped Okawaru.
Okawaru was extremely pleased with you.
You were not hungry.

You visited 3 branches of the dungeon, and saw 12 of its levels.
You also visited: Sewer.

You collected 682 gold pieces.

Inventory:

Hand Weapons
 b - a +0 hand axe
 s - a +1 war axe of pain (weapon)
Armour
 a - a +2 scale mail
 D - a +0 plate armour (worn)
Jewellery
 p - a +2 ring of slaying (left hand)
 y - a +3 ring of intelligence
 I - a ring of poison resistance (right hand)
Wands
 r - a wand of paralysis (0/24)
 w - a wand of confusion (25/48)
 G - a wand of iceblast (2/15)
 H - a wand of hasting (1/9)
 J - a wand of paralysis (6/24)
Scrolls
 e - 10 scrolls of identify
 f - 3 scrolls of magic mapping
 g - a scroll of blinking
 h - 5 scrolls of amnesia
 i - a scroll of fear
 m - 4 scrolls of random uselessness
 o - 3 scrolls of teleportation
 q - a scroll of remove curse
 x - a scroll of enchant weapon
Potions
 c - a potion of berserk rage
 n - 2 potions of heal wounds
 u - 2 potions of might
 v - 2 potions of degeneration
 A - a potion of flight
 C - 2 potions of resistance
 F - a potion of haste
Books
 j - a book of Unlife

   Spells                             Type                      Level
   a - Recall                         Summoning/Translocation      3
   b - Animate Dead                   Necromancy                   4
   c - Control Undead                 Necromancy                   4
   d - Cigotuvi's Embrace             Necromancy                   5
   e - Death Channel                  Necromancy                   6
   f - Simulacrum                     Ice/Necromancy               6
 z - a book of the Dragon

   Spells                             Type                      Level
   a - Flame Tongue                   Conjuration/Fire             1
   b - Cause Fear                     Hexes                        4
   c - Bolt of Fire                   Conjuration/Fire             6
   d - Dragon Form                    Transmutation                7
   e - Dragon's Call                  Summoning                    9
 L - a book of Flames

   Spells                             Type                      Level
   a - Flame Tongue                   Conjuration/Fire             1
   b - Throw Flame                    Conjuration/Fire             2
   c - Conjure Flame                  Conjuration/Fire             3
   d - Inner Flame                    Hexes/Fire                   3
   e - Sticky Flame                   Conjuration/Fire             4
   f - Fireball                       Conjuration/Fire             5
Miscellaneous
 K - an ornate deck of defence {drawn: 4}
 M - a legendary deck of wonders {drawn: 4}
Comestibles
 d - 7 bread rations
 k - 6 meat rations
 l - a royal jelly
 t - 12 slices of pizza
 B - 11 fruits


   Skills:
 + Level 9.7 Fighting
 + Level 12.2 Axes
 - Level 1.7 Throwing
 + Level 7.4 Armour
 - Level 1.0 Dodging


You had 10 spell levels left.
You didn't know any spells.

Dungeon Overview and Level Annotations

Branches:
Dungeon (10/15)            Temple (1/1) D:5            Lair (1/8) D:8
    Orc: D:9-12

Altars:
Ashenzari
Cheibriados
Dithmenos
Elyvilon
Fedhas
Gozag
Kikubaaqudgha
Makhleb
Nemelex Xobeh
Okawaru
Pakellas
Qazlal
Ru
Sif Muna
Trog
Vehumet
Xom
Yredelemnul
Zin
The Shining One

Annotations:
Lair:1 Urug


Innate Abilities, Weirdness & Mutations

You have large cloven feet.
You are partially covered in rough black scales (AC +4, Dex -1).
You are mostly covered in sharp spines.
You are immune to rotting.


Message History

Urug is struck by your spines.
Urug hits you with a great sword of slicing.
You closely miss Urug. You kick Urug, but do no damage.
Urug is lightly wounded.
Urug is struck by your spines.
Urug hits you with a great sword of slicing!
You hit Urug. You kick Urug, but do no damage.
Urug is moderately wounded.
You closely miss Urug. Your kick misses Urug.
Urug is moderately wounded.
Urug is struck by your spines.
Urug hits you with a great sword of slicing!
* * * LOW HITPOINT WARNING * * *
x2 You are too injured to fight recklessly!
You slash Urug!
Urug is heavily wounded.
Urug is struck by your spines.
Urug hits you with a great sword of slicing!!
* * * LOW HITPOINT WARNING * * *
You die...

#...........# #... #.
##..#P#.##.## ##.# #.P.
#.P######## #..# #... #..###
##.. #P.. ###....#### ##.
####..###.###...##.# #.
.........##P#......# ###
.........#.(o......## #..
.........(.##@......# #..
.......(.#.##......## ### #..
...........##......#####.###..
..........#.#...>..........#..
.........####......###.##..'..
.........# #......# #######..
.......o.# ######## #..
.........# #.. .......... #.#


You could see Urug.

Vanquished Creatures
  The ghost of Jano the Nimble, a journeyman OpVM of Gozag (D:10)
  The ghost of feelmyfire the Skirmisher, a novice MiFi of Okawaru (D:5)
  A hill giant (D:8)
  4 spiny frogs (Lair:1)
  A komodo dragon (Lair:1)
  A yaktaur (D:10)
  The ghost of bl4d3 the Ruffian, a novice VSMo (D:4)
  A troll (D:8)
  A wraith (D:10)
  A basilisk (Lair:1)
  A hippogriff (D:8)
  8 yaks (D:10)
  A vampire mosquito (D:10)
  A water moccasin (Lair:1)
  A porcupine (Lair:1)
  3 orc warriors
  Purgy (Sewer)
  A sky beast (D:10)
  4 ogres
  2 phantoms
  A necrophage (D:9)
  5 wolves (D:8)
  4 centaurs
  A big kobold (D:9)
  7 giant frogs
  3 scorpions
  A water moccasin skeleton (D:6)
  5 wights (D:10)
  A howler monkey (D:7)
  5 electric eels
  3 crimson imps
  A jelly (D:10)
  9 hounds
  4 orc priests
  A centaur skeleton (D:7)
  A giant frog skeleton (D:8)
  3 iguanas
  Ijyb (D:3)
  Natasha (thrice) (D:3)
  6 orc wizards
  7 worker ants
  A hound zombie (D:7)
  A hound skeleton (D:7)
  9 gnolls
  A worker ant zombie (D:10)
  12 adders
  A shadow imp (D:5)
  4 adder skeletons
  2 adder zombies
  4 worms
  A dart slug (D:1)
  9 giant geckos
  38 orcs
  14 giant cockroaches
  8 goblins
  8 hobgoblins
  15 jackals
  6 quokkas
  4 ball pythons
  9 bats
  A giant gecko skeleton (D:8)
  10 giant newts
  2 gnoll zombies (D:2)
  7 kobolds
  13 rats
288 creatures vanquished.

Vanquished Creatures (others)
  A ball python (D:7)
  3 fungi (D:7)
  2 plants (D:7)
6 creatures vanquished.

Grand Total: 294 creatures vanquished

Notes
Turn   | Place    | Note
--------------------------------------------------------------
     0 | D:1      | Misfortune the Demonspawn Wanderer began the quest for the Orb.
     0 | D:1      | Misfortune set off with: a +2 scale mail, a +0 hand axe, a potion of lignification, a bread ration
     0 | D:1      | Reached XP level 1. HP: 21/21 MP: 1/1
   263 | D:1      | Gained mutation: You are partially covered in sharp spines. [demonic ancestry]
   263 | D:1      | Reached XP level 2. HP: 21/27 MP: 2/2
   592 | D:1      | Reached skill level 2 in Axes
   645 | D:1      | Reached XP level 3. HP: 33/33 MP: 3/3
  1196 | D:2      | Reached skill level 3 in Axes
  1226 | D:2      | Gained mutation: You are mostly covered in sharp spines. [demonic ancestry]
  1226 | D:2      | Reached XP level 4. HP: 33/39 MP: 4/4
  1560 | D:2      | Found a basalt altar of Yredelemnul.
  1790 | D:3      | Found an ancient bone altar of Kikubaaqudgha.
  1828 | D:3      | Noticed Ijyb
  1835 | D:3      | Killed Ijyb
  1835 | D:3      | Reached skill level 4 in Axes
  1835 | D:3      | Reached XP level 5. HP: 43/44 MP: 5/5
  1956 | D:3      | Noticed Natasha
  1960 | D:3      | Killed Natasha
  2029 | D:3      | Noticed Natasha
  2032 | D:3      | Killed Natasha
  2190 | D:3      | Noticed Natasha
  2196 | D:3      | Killed Natasha
  2196 | D:3      | Reached skill level 5 in Axes
  2429 | D:3      | Found a deep blue altar of Sif Muna.
  2608 | D:4      | Noticed a phantom
  2618 | D:4      | Killed a phantom
  2618 | D:4      | Gained mutation: You have large cloven feet. [demonic ancestry]
  2618 | D:4      | Reached XP level 6. HP: 45/51 MP: 6/6
  2747 | D:4      | Noticed bl4d3's ghost (novice VSMo)
  2760 | D:4      | Killed bl4d3's ghost
  2760 | D:4      | Reached skill level 6 in Axes
  2760 | D:4      | Reached XP level 7. HP: 41/56 MP: 7/7
  2776 | D:4      | Reached skill level 7 in Axes
  3229 | D:5      | Entered Level 5 of the Dungeon
  3279 | D:5      | Found a glowing drain.
  3298 | Sewer    | Entered a sewer
  3365 | Sewer    | Noticed Purgy
  3373 | Sewer    | Killed Purgy
  3373 | Sewer    | Reached skill level 8 in Axes
  3750 | D:5      | Noticed feelmyfire's ghost (novice MiFi)
  4037 | D:5      | Killed feelmyfire's ghost
  4037 | D:5      | Reached skill level 9 in Axes
  4037 | D:5      | Gained mutation: You are partially covered in rough black scales (AC +4, Dex -1). [demonic ancestry]
  4037 | D:5      | Reached XP level 8. HP: 23/63 MP: 8/8
  4444 | D:5      | Found a staircase to the Ecumenical Temple.
  4476 | Temple   | Entered the Ecumenical Temple
  4554 | Temple   | Became a worshipper of Warmaster Okawaru
  4691 | D:6      | Reached skill level 10 in Axes
  5325 | D:6      | Reached XP level 9. HP: 63/69 MP: 9/9
  5655 | D:7      | Reached * piety under Okawaru
  6795 | D:7      | Found a blossoming altar of Fedhas.
  7111 | D:8      | Reached ** piety under Okawaru
  7453 | D:8      | Noticed a troll
  7924 | D:8      | Killed a troll
  7924 | D:8      | Reached skill level 11 in Axes
  7957 | D:8      | Noticed a hill giant
  7973 | D:8      | Killed a hill giant
  7973 | D:8      | Reached *** piety under Okawaru
  7973 | D:8      | Reached XP level 10. HP: 52/80 MP: 10/10
  7985 | D:8      | Found a staircase to the Lair.
  8029 | D:8      | Reached skill level 5 in Armour
  8857 | D:10     | Entered Level 10 of the Dungeon
  8857 | D:10     | Noticed Jano's ghost (journeyman OpVM)
  8872 | D:10     | Killed Jano's ghost
  8877 | D:10     | HP: 3/82 [wraith (5)]
  8881 | D:10     | Reached **** piety under Okawaru
  9568 | D:10     | Reached ***** piety under Okawaru
 10091 | D:10     | Reached skill level 12 in Axes
 10116 | D:10     | Gained mutation: You are immune to rotting. [demonic ancestry]
 10116 | D:10     | Reached XP level 11. HP: 89/89 MP: 11/11
 10134 | D:10     | Drew Focus: Dex increased to 15, Int decreased to 13
 10372 | Lair:1   | Entered Level 1 of the Lair of Beasts
 11317 | Lair:1   | Noticed Urug
 11337 | Lair:1   | Slain by Urug

Vault maps used:
D:1:      dpeg_arrival_leaves_temple_mockup
D:2:      wad_river_or_something, lemuel_zombie_altar_yredelemnul, first_bread,
          serial_bayou_lagoon_a
D:3:      nicolae_overflow_hidden_temple, kiku_gazebo_pond_becter, st_stairs_12,
          uniq_iyjb, uniq_natasha
D:5:      temple_green, gup_sewer_entry_pipe
D:6:      roderic_ancient_swastika
D:7:      fedhas_altar_3, serial_bayou_lagoon_b
D:8:      erik_lair_island
D:9:      grunt_pizzeria
D:10:     minmay_diamond_spiral
Temple:   nicolae_temple_x_marks_the_god_16
Lair:1:   uniq_urug
Sewer:    sewer_co_purgy_island

Skill      XL: |  1  2  3  4  5  6  7  8  9 10 11 |
---------------+----------------------------------+-----
Axes           | 2 3 4 5 6 9 10 11 12 | 12.2
Armour         | 2 4 6 7 |  7.4
Fighting       | 7 9 |  9.7
Throwing       | |  1.7
Dodging        | |  1.0

Action                   |  1- 3 |  4- 6 |  7- 9 | 10-12 || total
-------------------------+-------+-------+-------+-------++-------
Melee: Hand axe          |    81 |    31 |       |       ||   112
       War axe           |       |    33 |   264 |   220 ||   517
Invok: Heroism           |       |       |       |     1 ||     1
Evoke: Wand              |       |       |    12 |     2 ||    14
       Deck              |       |       |       |     8 ||     8
  Use: Potion            |       |       |    10 |     7 ||    17
       Scroll            |       |       |    11 |     3 ||    14
 Stab: Paralysed         |       |       |    13 |       ||    13
  Eat: Chunk             |     1 |     5 |    11 |     7 ||    24
       Beef jerky        |       |       |     1 |       ||     1
       Bread ration      |       |       |     1 |     1 ||     2
